[Event "*** Titled Tuesday Blitz"]
[Site "Chess.com"]
[Date "2020.04.14"]
[Round "6"]
[White "AcostaPablo"]
[Black "ahachess"]
[Result "1/2-1/2"]
[WhiteElo "2494"]
[BlackElo "2330"]
[TimeControl "180+1"]
[EndTime "11:06:19 PDT"]
[Termination "Game drawn - insufficient material"]

1. d4 Nf6 2. c4 g6 3. Nc3 Bg7 4. e4 d6 5. h3 O-O 6. Be3 e5 7. d5 a5 8. Nf3 Nh5 9. Nd2 Na6 10. g3 Qe8 11. Be2 f5 12. exf5 Nf6 13. Nde4 Nxe4 14.
Nxe4 gxf5 15. Bh5 Qe7 16. Bg5 Qd7 17. Nc3 Nc5 18. Qc2 a4 19. Be3 b6 20. f4 e4 21.
Be2 Ba6 22. O-O Rfe8 23. Rab1 Nd3 24. b3 axb3 25. axb3 Nb4 26. Qd2 Bb7 27. Nb5 Ra2 28. Qxb4 Rxe2 29. Rfe1 Rxe1+ 30. Rxe1 Bf6 31. Bd4 Qg7 32.
Qc3 Bxd4+ 33. Nxd4 Ra8 34. Re2 Bc8 35. Kf2 Bd7 36. Rc2 Ra5 37. Ne2 Qxc3 38. Rxc3 Ra2 39. Ke3 Kf7 40. b4 Ke7 41. c5 bxc5 42.
bxc5 Ra1 43. Nd4 dxc5 44. Rxc5 Kd6 45. Rc3 Rh1 46. h4 Rg1 47. Kf2 Rd1 48. Nc2 Rxd5 49. Ne3 Rd3 50. Rc2 c5 51. Nc4+ Kd5 52. Ne5 Ba4 53.
Ra2 Bb3 54. Ra8 Rd2+ 55. Ke3 Rg2 56. Rd8+ Ke6 57. Rg8 Kf6 58. Rf8+ Ke7 59. Rxf5 Rxg3+ 60. Kd2 e3+ 61. Ke2 Bc2 62. Rh5 Bg6 63. Nxg6+ hxg6 64. Rxc5 Rg4 65. Re5+ Kf6 66. Kxe3 Rxh4 67. Ra5 Rh3+ 68.
Ke4 Rh1 69. Ra6+ Kf7 70. Ra7+ Kf6 71. Ra6+ Kf7 72. Ke5 Re1+ 73. Kd5 Rd1+ 74. Ke4 Re1+ 75. Kf3 Rf1+ 76. Ke3 Re1+ 77. Kf2 Re4 78. Kf3 Re6 79. Ra7+ Kf6 80. Kg4 Re1 81. Ra6+ Re6 82. Ra1 Re2 83. Kf3 Re6 84. Ra8 g5 85. Rf8+ Kg7 86. Rf5 gxf4 87. Rxf4 Rf6 88. Rxf6 Kxf6 1/2-1/2

[Event "*** Titled Tuesday Blitz"]
[Site "Chess.com"]
[Date "2020.04.14"]
[Round "6"]
[White "SergeiAza"]
[Black "Storne89"]
[Result "1/2-1/2"]
[WhiteElo "2779"]
[BlackElo "2616"]
[TimeControl "180+1"]
[EndTime "11:06:22 PDT"]
[Termination "Game drawn by repetition"]

1. e4 e5 2. Nf3 Nc6 3. Bb5 a6 4. Ba4 Nf6 5. O-O Be7 6. Re1 b5 7. Bb3 O-O 8. c3 d5 9. d4 exd4 10. e5 Ne4 11. cxd4 Bg4 12. Nc3 Nxc3 13. bxc3 Qd7 14. h3 Bh5 15. Bc2 Bg6 16. Bg5 Nd8 17.
Be3 Ne6 18. Qd2 Rac8 19. Red1 c5 20. Bxg6 hxg6 21. dxc5 Bxc5 22. Bd4 Bxd4 23. Nxd4 Nxd4 24. cxd4 Rc4 25. Qe3 Rfc8 26. Rd2 Rc3 27. Qe2 R8c4 28. Re1 Rc6 29. Kh2 Qf5 30. g3 b4 31. Kg2 a5 32.
Qg4 Qxg4 33. hxg4 Rc2 34. Ree2 Rxd2 35. Rxd2 g5 36. f4 gxf4 37. gxf4 Rc3 38. f5 Kf8 39. Kf2 Ke7 40. g5 g6 41. fxg6 fxg6 42. Ke2 Ke6 43. Rd3 Rc2+ 44. Rd2 Rc3 45. Rd3 Rc4 46. Ke3 Kf5 47. Rd1 Kxg5 48. Rf1 Rc6 49. Rf8 a4 50.
Rb8 Rc3+ 51. Ke2 Rc4 52. Kd3 Kf5 53. Rb5 Ke6 54. Rb6+ Ke7 55. Rb5 Rc3+ 56. Kd2 Rc4 57. Kd3 Ke6 58. Rb6+ Kf5 59. Rf6+ Kg5 60. Rb6 Kf4 61.
Rb5 Rc3+ 62. Kd2 Rc4 63. Kd3 Kf5 64. Rb6 g5 65. Rf6+ Kg4 66. e6 Rc7 67. Rf7 Rc6 68.
e7 Re6 69. Rg7 b3 70. axb3 a3 71. Kc3 Re2 72. Rg8 Rxe7 73. Ra8 Kf3 74. Rxa3 g4 75. Kb4 Rc7 76. Ra8 g3 77. Rf8+ Ke4 78. Rg8 Kf3 79. Rf8+ Ke2 80. Re8+ Kf2 81. Rf8+ Kg1 82.
Rf5 g2 83. Rxd5 Kf2 84. Rf5+ Kg3 85. Rg5+ Kf2 86. Rf5+ Kg3 87. Rg5+ Kf3 88. d5 Rc1 89. d6 g1=Q 90. Rxg1 Rxg1 91. Kc5 Ke4 92. d7 Rd1 93.
Kc6 Ke5 94. Kc7 Rc1+ 95. Kb7 Rd1 96. Kc7 Rc1+ 97. Kb7 Rd1 98. Kc7 1/2-1/2

[Event "*** Titled Tuesday Blitz"]
[Site "Chess.com"]
[Date "2020.04.14"]
[Round "6"]
[White "BronceYSueno"]
[Black "cukus"]
[Result "0-1"]
[WhiteElo "2474"]
[BlackElo "2435"]
[TimeControl "180+1"]
[EndTime "11:06:39 PDT"]
[Termination "cukus won by resignation"]

1. Nf3 c5 2. g3 g6 3. Bg2 Bg7 4.
O-O Nc6 5. c3 d5 6. d4 Nf6 7. dxc5 O-O 8. b4 a6 9. Bb2 e5 10. Nbd2 h6 11. Rc1 Be6 12. a4 Nd7 13.
e3 a5 14. b5 Ne7 15. c4 e4 16. Nd4 Nxc5 17. Nxe6 fxe6 18. Bxg7 Kxg7 19. cxd5 Nd3 20.
dxe6 Nxc1 21. Qxc1 Qd5 22. Qc3+ Kg8 23. Nxe4 Qxe6 24.
Rd1 Rfd8 25. Rxd8+ Rxd8 26. h4 b6 27. Bf3 Nd5 28. Qd4 Rf8 29. Nd2 Nb4 30. Kg2 Qf6 31. Qc4+ Qf7 32. Qd4 Qf6 33. Qc4+ Qf7 34. Qg4 h5 35.
Qd4 Qf6 36. Qc4+ Qf7 37. Qe4 Rd8 38. Nc4 Qf6 39. Ne5 Re8 40. Qc4+ Qe6 41. Qxe6+ Rxe6 42. Nc6 Kg7 43. Nd4 Rd6 44. Bb7 Nd5 45. Bc6 Nc3 46.
Bf3 Nxa4 47. Ne2 Nc3 48. Nxc3 Rd3 49. Nd5 a4 50. Nxb6 a3 51. Bd5 Rxd5 52. Nxd5 a2 53. Nf4 a1=Q 54. b6 Qb2 55. Nd5 Qb5 56.
e4 Kf7 57. Kf3 Qc6 58. Kf4 Qb7 59. f3 Ke6 60. Ke3 Qc6 61. Kf4 Qc1+ 62. Ne3 Kd6 63. g4 hxg4 64. fxg4 Kc6 65. Kf3 Kxb6 66. Ng2 Qc3+ 67.
Kf4 Qf6+ 68. Ke3 Kc6 69. g5 Qc3+ 70. Kf4 Qd2+ 71. Ne3 Kd6 72. Kf3 Ke6 73. Ng4 Qd3+ 74.
Kf4 Qa3 75. Ne3 Kf7 76. Ng4 Kg7 77. Ne5 Qc1+ 78. Kf3 Qc3+ 79. Kf4 Qd2+ 80. Kf3 Qe1 81. Ng4 Qxh4 82. Kf4 Qe1 83. Kf3 Qf1+ 84. Kg3 Qa6 85. Kf4 Qc8 86. Nf6 Qf8 87. Kg4 Qa3 88. Kf4 Qc1+ 89.
Kg4 Qg1+ 90. Kf4 Qf2+ 91. Kg4 Qe2+ 92. Kf4 Kf7 93. Ng4 Qf1+ 94. Kg3 Ke6 95. Ne3 Qe1+ 96. Kf4 Qd2 97. Kf3 Qd3 98. Kf4 Qb3 99. Kf3 Ke5 100. Ke2 Kxe4 101. Nf1 Qc2+ 102. Nd2+ Qxd2+ 103. Kxd2 Kf5 104. Ke3 Kxg5 105. Kf3 Kh4 106. Kf2 g5 107. Kg2 Kg4 108. Kg1 Kg3 109. Kh1 g4 110. Kg1 Kh3 111. Kf2 Kh2 0-1

[Event "*** Titled Tuesday Blitz"]
[Site "Chess.com"]
[Date "2020.04.14"]
[Round "7"]
[White "Azerichess"]
[Black "Bigfish1995"]
[Result "1/2-1/2"]
[WhiteElo "3019"]
[BlackElo "3105"]
[TimeControl "180+1"]
[EndTime "11:08:07 PDT"]
[Termination "Game drawn by agreement"]

1. d4 Nf6 2. c4 e6 3. Nf3 d5 4.
Nc3 Nbd7 5. Bf4 dxc4 6. e3 Nd5 7. Bxc4 Nxf4 8. exf4 Nb6 9. Bb3 Be7 10. O-O O-O 1/2-1/2

[Event "*** Titled Tuesday Blitz"]
[Site "Chess.com"]
[Date "2020.04.14"]
[Round "7"]
[White "BahadirOzen"]
[Black "Jagerrmeisterr"]
[Result "1/2-1/2"]
[WhiteElo "2828"]
[BlackElo "2692"]
[TimeControl "180+1"]
[EndTime "11:08:55 PDT"]
[Termination "Game drawn by repetition"]

1. Nf3 Nf6 2. c4 e6 3. e3 b6 4. b3 Bb7 5. Bb2 g6 6. Be2 Bg7 7. O-O d6 8. d4 Nbd7 9. Nc3 O-O 10. Qc2 a5 11. Rfd1 Qe7 12. a3 e5 13. b4 Rfe8 14.
Nb5 Be4 15. Qc1 Rac8 16. Na7 Ra8 17. Nb5 Rac8 18. Na7 Ra8 19. Nb5 1/2-1/2

[Event "*** Titled Tuesday Blitz"]
[Site "Chess.com"]
[Date "2020.04.14"]
[Round "7"]
[White "Mikhail_Biryukov"]
[Black "Lucas_Tomiello"]
[Result "1-0"]
[WhiteElo "2593"]
[BlackElo "2365"]
[TimeControl "180+1"]
[EndTime "11:09:15 PDT"]
[Termination "Mikhail_Biryukov won by resignation"]

1. e4 c5 2. Nf3 d6 3. Bb5+ Nd7 4.
d4 cxd4 5. Qxd4 a6 6. Bxd7+ Bxd7 7. c4 e5 8. Qd3 b5 9. Nc3 Qb6 10. cxb5 axb5 11. O-O Be7 12. Nd5 Qb8 13. Be3 Bd8 14. Rfd1 Nh6 15. Bxh6 gxh6 16. Qe3 O-O 17. Qxh6 Be6 18.
Ng5 Bxg5 19. Qxg5+ 1-0

[Event "*** Titled Tuesday Blitz"]
[Site "Chess.com"]
[Date "2020.04.14"]
[Round "7"]
[White "JLRHei"]
[Black "Atanejhad"]
[Result "0-1"]
[WhiteElo "2373"]
[BlackElo "2547"]
[TimeControl "180+1"]
[EndTime "11:09:28 PDT"]
[Termination "Atanejhad won by resignation"]

1. d4 Nf6 2. c4 e6 3. Nf3 b6 4. g3 Ba6 5. b3 b5 6. Nbd2 Bb4 7. Bg2 bxc4 8. Ne5 c6 9. Nxc4 d5 10. Ne5 Bc3 11. Rb1 Bxd4 12. Nef3 Bxf2+ 13. Kxf2 Ng4+ 14.
Ke1 Ne3 0-1

[Event "*** Titled Tuesday Blitz"]
[Site "Chess.com"]
[Date "2020.04.14"]
[Round "7"]
[White "GadimbayliA"]
[Black "vizumatv4hoda"]
[Result "1/2-1/2"]
[WhiteElo "2902"]
[BlackElo "2769"]
[TimeControl "180+1"]
[EndTime "11:09:37 PDT"]
[Termination "Game drawn by agreement"]

1. e4 c5 2. Nf3 g6 3. d4 Bg7 4. dxc5 Qa5+ 5. Bd2 Qxc5 6. Bc3 Nf6 7. Bd3 O-O 8. O-O Nc6 9. Nbd2 d5 10. Nb3 Qb6 11. exd5 Nxd5 12. Bxg7 Kxg7 13. Qd2 Bg4 14. Be4 Bxf3 1/2-1/2

[Event "*** Titled Tuesday Blitz"]
[Site "Chess.com"]
[Date "2020.04.14"]
[Round "7"]
[White "adricalderon8"]
[Black "vlad_Sid"]
[Result "0-1"]
[WhiteElo "2441"]
[BlackElo "2641"]
[TimeControl "180+1"]
[EndTime "11:09:45 PDT"]
[Termination "vlad_Sid won by resignation"]

1. e4 c6 2. Nf3 d5 3. Nc3 dxe4 4. Nxe4 Nf6 5. Nxf6+ exf6 6. Bc4 Bd6 7. O-O O-O 8.
d4 Na6 9. c3 Nc7 10. Re1 Bg4 11. Be2 Qd7 12. h3 Bh5 13. Be3 Rfe8 14. Qd2 b5 15.
Rad1 Nd5 16. Bd3 Bxf3 17. gxf3 Qxh3 18. Be4 Bh2+ 19. Kh1 Bg3+ 20. Kg1 Qh2+ 21. Kf1 Nxe3+ 22. Qxe3 Bf4 23. Qd3 f5 0-1

[Event "*** Titled Tuesday Blitz"]
[Site "Chess.com"]
[Date "2020.04.14"]
[Round "7"]
[White "JoakimVonAnd"]
[Black "DishonorOnYourCow"]
[Result "0-1"]
[WhiteElo "2462"]
[BlackElo "2282"]
[TimeControl "180+1"]
[EndTime "11:09:54 PDT"]
[Termination "DishonorOnYourCow won by resignation"]

1. d4 Nf6 2. c4 g6 3. Nc3 d5 4. Bf4 Bg7 5. e3 O-O 6. Rc1 Be6 7. c5 c6 8. h3 b6 9. b4 a5 10. a3 axb4 11. axb4 Ne4 12. Bd3 bxc5 13. bxc5 Nxc3 14. Rxc3 Ra2 15. Ne2 Qa5 16. Qc1 Ra1 17. Bb1 Bf5 0-1

[Event "*** Titled Tuesday Blitz"]
[Site "Chess.com"]
[Date "2020.04.14"]
[Round "7"]
[White "aa175"]
[Black "AnnaChessLook"]
[Result "1-0"]
[WhiteElo "2370"]
[BlackElo "2224"]
[TimeControl "180+1"]
[EndTime "11:09:55 PDT"]
[Termination "aa175 won by resignation"]

1. d4 Nf6 2. Bf4 g6 3. e3 Bg7 4.
Bd3 O-O 5. h4 d5 6. Nd2 c5 7. c3 Nc6 8. h5 cxd4 9. exd4 Bg4 10. f3 Be6 11. hxg6 fxg6 12. Qe2 Bf7 13. Nh3 Re8 14. Ng5 e5 15. dxe5 Nxe5 16. Bxe5 Rxe5 17.
Qxe5 Ne4 18. Qxg7+ Kxg7 19. Rxh7+ Kg8 20. Rh8+ Kxh8 21.
Nxf7+ Kg7 22. Nxd8 Nxd2 23. Ne6+ Kf6 24. Nc7 Nxf3+ 25.
gxf3 1-0

[Event "*** Titled Tuesday Blitz"]
[Site "Chess.com"]
[Date "2020.04.14"]
[Round "7"]
[White "IwkooO"]
[Black "Gaguna"]
[Result "0-1"]
[WhiteElo "2543"]
[BlackElo "2691"]
[TimeControl "180+1"]
[EndTime "11:09:57 PDT"]
[Termination "Gaguna won by resignation"]

1. e4 d6 2. d4 Nf6 3. Nc3 e5 4. Nf3 Nbd7 5. Bc4 Be7 6. O-O O-O 7. a4 c6 8. Qe2 Qc7 9. Rd1 h6 10. h3 Re8 11. a5 Bf8 12. d5 b5 13. Ba2 b4 14. dxc6 bxc3 15. cxd7 Bxd7 16. bxc3 Qxc3 17.
Ba3 Be6 18. Bxd6 Bxd6 19. Bxe6 Rxe6 0-1

[Event "*** Titled Tuesday Blitz"]
[Site "Chess.com"]
[Date "2020.04.14"]
[Round "7"]
[White "Biranidun"]
[Black "MacDaddyMac"]
[Result "1-0"]
[WhiteElo "2648"]
[BlackElo "2290"]
[TimeControl "180+1"]
[EndTime "11:09:58 PDT"]
[Termination "Biranidun won by resignation"]

1. e4 e6 2. d4 d5 3. Nc3 Nf6 4. e5 Nfd7 5. f4 c5 6. Nf3 Nc6 7. Be3 cxd4 8. Nxd4 Bc5 9. Qd2 Nxd4 10. Bxd4 Bxd4 11. Qxd4 Qb6 12. Nb5 O-O 13. O-O-O Nc5 14. Nd6 Bd7 15. Be2 Rac8 16. Nxc8 Rxc8 17. h4 Ba4 18.
Rd2 Bxc2 19. Rxc2 Nb3+ 20. Kb1 1-0

[Event "*** Titled Tuesday Blitz"]
[Site "Chess.com"]
[Date "2020.04.14"]
[Round "7"]
[White "K1TTYGANG"]
[Black "inegrepus"]
[Result "1-0"]
[WhiteElo "2140"]
[BlackElo "2256"]
[TimeControl "180+1"]
[EndTime "11:09:59 PDT"]
[Termination "K1TTYGANG won by resignation"]

1. c4 e5 2. Nc3 Nf6 3. g3 g6 4. Bg2 Bg7 5. d3 O-O 6. e4 c5 7.
Nge2 d6 8. O-O Nc6 9. h3 Be6 10. Kh2 Nd4 11. Rb1 Qd7 12. b4 Nh5 13. f4 f5 14. bxc5 dxc5 15. exf5 gxf5 16. Rxb7 Qc8 17. Rxg7+ Nxg7 18. Bxa8 Qxa8 19. Nxd4 exd4 20. Nb5 Bd7 21. Nc7 Qc6 22. Nd5 Be6 23. Ne7+ 1-0

[Event "*** Titled Tuesday Blitz"]
[Site "Chess.com"]
[Date "2020.04.14"]
[Round "7"]
[White "kircsaj"]
[Black "KingChess345"]
[Result "0-1"]
[WhiteElo "2302"]
[BlackElo "2112"]
[TimeControl "180+1"]
[EndTime "11:10:03 PDT"]
[Termination "KingChess345 won by resignation"]

1. e4 c5 2. Nf3 Nc6 3. Nc3 e5 4. Bc4 g6 5. d3 Bg7 6. Nd2 Nge7 7.
Nf1 O-O 8. Ne3 d6 9. O-O h6 10.
Kh1 Kh7 11. f4 f5 12. Ned5 Be6 13. exf5 gxf5 14. Qh5 Na5 15. Bd2 Nxc4 16. dxc4 Bxd5 17. Nxd5 Nxd5 18. cxd5 e4 19. c4 Qe8 20. Rab1 Qxh5 0-1

[Event "*** Titled Tuesday Blitz"]
[Site "Chess.com"]
[Date "2020.04.14"]
[Round "7"]
[White "Quiet_Desperation"]
[Black "RaunakSadhwani2005"]
[Result "0-1"]
[WhiteElo "1945"]
[BlackElo "2789"]
[TimeControl "180+1"]
[EndTime "11:10:07 PDT"]
[Termination "RaunakSadhwani2005 won by resignation"]

1. e4 c5 2. Nf3 Nc6 3. d4 cxd4 4. Nxd4 Nf6 5. Nc3 d6 6. Bg5 e6 7. f3 a6 8. Qd2 Bd7 9. O-O-O Nxd4 10. Qxd4 h6 11.
Be3 Bc6 12. g4 d5 13. e5 Nd7 14. Qd2 b5 15. Bd4 b4 16. Ne2 a5 17. Kb1 a4 18.
Nc1 a3 19. b3 Rb8 20. f4 Bc5 21.
f5 Bxd4 22. Qxd4 Qb6 23. fxe6 fxe6 24. Qxb6 Rxb6 25. Re1 O-O 26. Bd3 Bb5 27. Rhf1 Rxf1 28. Rxf1 Nc5 29. Bxb5 Rxb5 30. Nd3 Ne4 31. Kc1 Nc3 32.
Rf4 Ne2+ 0-1

[Event "*** Titled Tuesday Blitz"]
[Site "Chess.com"]
[Date "2020.04.14"]
[Round "7"]
[White "CastleOasisChess"]
[Black "lupta_robin"]
[Result "0-1"]
[WhiteElo "2096"]
[BlackElo "2475"]
[TimeControl "180+1"]
[EndTime "11:10:19 PDT"]
[Termination "lupta_robin won by resignation"]

1. d4 Nf6 2. e3 g6 3. Bd3 Bg7 4. Nd2 O-O 5. c3 d5 6. f4 c6 7. Ngf3 Be6 8. O-O Qc8 9. Ne5 Bf5 10. Qc2 Bxd3 11. Qxd3 Nbd7 12. b4 a5 13. Ba3 axb4 14.
Bxb4 c5 15. Nxd7 Nxd7 16. dxc5 Nxc5 17. Qxd5 Na6 18. Bxe7 Re8 19. Qg5 Qxc3 20. Nb3 Qxe3+ 21. Kh1 Qxe7 22. Qxe7 Rxe7 23. Rac1 Nb4 24. Rf2 Nxa2 0-1

[Event "*** Titled Tuesday Blitz"]
[Site "Chess.com"]
[Date "2020.04.14"]
[Round "7"]
[White "terrapin33"]
[Black "talaicito"]
[Result "0-1"]
[WhiteElo "2125"]
[BlackElo "2291"]
[TimeControl "180+1"]
[EndTime "11:10:32 PDT"]
[Termination "talaicito won by resignation"]

1. d4 e6 2. e4 d5 3. Nd2 Nf6 4. e5 Nfd7 5. Bd3 c5 6. c3 Nc6 7.
Ne2 cxd4 8. cxd4 f6 9. exf6 Nxf6 10. Nf3 Bd6 11. O-O Qc7 12. Bg5 O-O 13. Rc1 h6 14.
Bh4 Nh5 15. Bg3 Nxg3 16. hxg3 g5 17. Bb1 Qg7 18. a3 Bd7 19. b4 a6 20. g4 Be8 21.
Ng3 Bg6 22. Nh5 Qf7 23. Ba2 Bxh5 24. gxh5 Qxh5 25. Rc3 Rxf3 0-1

[Event "*** Titled Tuesday Blitz"]
[Site "Chess.com"]
[Date "2020.04.14"]
[Round "7"]
[White "ambaixador"]
[Black "CaspiIsrael"]
[Result "0-1"]
[WhiteElo "2365"]
[BlackElo "2541"]
[TimeControl "180+1"]
[EndTime "11:10:40 PDT"]
[Termination "CaspiIsrael won by resignation"]

1. Nf3 Nf6 2. c4 e6 3. g3 d5 4. Bg2 Be7 5. O-O O-O 6. d4 dxc4 7. Qa4 b6 8. Ne5 Qxd4 9. Bxa8 Qxe5 10. Qxc4 Ba6 11.
Qc2 c6 12. Nc3 Qh5 13. f3 Nbd7 14. Bxc6 Qc5+ 15. Kg2 Qxc6 16. Rd1 Rc8 17. e4 Ne5 18. Bf4 Nc4 19. Rac1 Nh5 20. Ne2 Nxf4+ 21. Nxf4 Ne3+ 0-1

[Event "*** Titled Tuesday Blitz"]
[Site "Chess.com"]
[Date "2020.04.14"]
[Round "7"]
[White "CroissantNeuf"]
[Black "DIM90"]
[Result "1-0"]
[WhiteElo "2399"]
[BlackElo "2242"]
[TimeControl "180+1"]
[EndTime "11:10:42 PDT"]
[Termination "CroissantNeuf won by resignation"]

1. Nf3 Nf6 2. g3 g6 3. b3 Bg7 4.
Bb2 O-O 5. Bg2 d6 6. d4 Nbd7 7.
O-O e5 8. dxe5 Ng4 9. Qc1 Ngxe5 10. Nxe5 Nxe5 11. c4 Bg4 12. Nc3 c6 13. Qd2 Qe7 14.
h3 Bf5 15. f4 Nd7 16. e4 Be6 17. f5 Be5 18. fxe6 fxe6 19. Ne2 Qg7 20. Bxe5 Qxe5 21.
Rad1 Rxf1+ 22. Rxf1 Nc5 23. Qd4 Qh5 24. Nf4 Qg5 25.
Qxd6 Rf8 26. Qxf8+ 1-0

[Event "*** Titled Tuesday Blitz"]
[Site "Chess.com"]
[Date "2020.04.14"]
[Round "7"]
[White "martinbitel"]
[Black "keepitcool9499"]
[Result "1-0"]
[WhiteElo "2615"]
[BlackElo "2284"]
[TimeControl "180+1"]
[EndTime "11:10:43 PDT"]
[Termination "martinbitel won by checkmate"]

1. e4 e6 2. d4 d5 3. Nc3 Nf6 4. Bg5 Be7 5. e5 Nfd7 6. Bxe7 Qxe7 7. f4 a6 8. Nf3 c5 9. Qd2 Nc6 10. O-O-O b5 11. dxc5 Nxc5 12. Bd3 Bd7 13. Ne2 O-O-O 14. Kb1 f6 15. Ned4 Nxd4 16. Nxd4 fxe5 17. fxe5 h6 18. Qb4 Rde8 19. Bg6 Ref8 20. Nb3 Qg5 21. Qxc5+ Kb7 22. Na5+ Kb8 23. Qb6+ Kc8 24. Qxa6+ Kd8 25. Qb6+ Ke7 26.
Qd6+ Kd8 27. Nc6+ Kc8 28. Qb8# 1-0

[Event "*** Titled Tuesday Blitz"]
[Site "Chess.com"]
[Date "2020.04.14"]
[Round "7"]
[White "ItalianMachine"]
[Black "Vice64"]
[Result "1-0"]
[WhiteElo "2303"]
[BlackElo "2455"]
[TimeControl "180+1"]
[EndTime "11:10:46 PDT"]
[Termination "ItalianMachine won by resignation"]

1. Nf3 Nf6 2. g3 b6 3. Bg2 Bb7 4. O-O e6 5. d3 Be7 6. Nbd2 c5 7. e4 d5 8. e5 Nfd7 9. c3 Nc6 10. Re1 Qc7 11. d4 cxd4 12. Nxd4 Ncxe5 13. N2b3 Ng6 14. h4 h5 15. Qc2 Nge5 16. f4 Ng4 17. Rxe6 fxe6 18.
Qg6+ Kd8 19. Nxe6+ Kc8 20. Nxc7 Kxc7 21. f5 Bf6 22.
Bf4+ Kc6 23. Qf7 Kb5 24. Qxd7+ 1-0

[Event "*** Titled Tuesday Blitz"]
[Site "Chess.com"]
[Date "2020.04.14"]
[Round "7"]
[White "Ind1anStar"]
[Black "Shield12"]
[Result "1-0"]
[WhiteElo "2623"]
[BlackElo "2849"]
[TimeControl "180+1"]
[EndTime "11:10:50 PDT"]
[Termination "Ind1anStar won by resignation"]

1. c4 e5 2. g3 Nf6 3. Bg2 Nc6 4.
Nc3 Bb4 5. e4 d6 6. Nge2 a6 7.
O-O Bc5 8. h3 Be6 9. d3 Nd7 10.
a3 O-O 11. b4 Ba7 12. Kh2 f5 13. b5 axb5 14. cxb5 Nd4 15. exf5 Bxf5 16. Bxb7 Rb8 17.
Bd5+ Kh8 18. Be3 Bc5 19. a4 Qf6 20. Bg2 Qg6 21. Ne4 Ba7 22. Bxd4 exd4 23. Nf4 Qf7 24. Rc1 Nc5 25. Ng5 Qe7 26. h4 h6 27. Nf3 Bg4 28. Ng6+ Kh7 29. Nxe7 Rf7 30. Nc6 1-0

[Event "*** Titled Tuesday Blitz"]
[Site "Chess.com"]
[Date "2020.04.14"]
[Round "7"]
[White "11kevin"]
[Black "1stSecond"]
[Result "0-1"]
[WhiteElo "2561"]
[BlackElo "2711"]
[TimeControl "180+1"]
[EndTime "11:10:51 PDT"]
[Termination "1stSecond won by checkmate"]

1. d4 Nf6 2. c4 c5 3. d5 e6 4. Nc3 exd5 5. cxd5 d6 6. e4 g6 7. f4 Bg7 8. Bb5+ Nfd7 9. a4 O-O 10. Nf3 Na6 11. O-O Nb4 12. Re1 a6 13. Bf1 Re8 14. Be3 f5 15. e5 dxe5 16. fxe5 Nxe5 17.
Bxc5 Qa5 18. Bd6 Qb6+ 19. Kh1 Qxd6 20. h3 Bd7 21. Nd4 Rac8 22. Qb3 Ng4 23. hxg4 Bxd4 24. Rad1 Rxe1 25. Rxe1 Qg3 26. d6+ Kh8 27. Qxb4 Qh4# 0-1

[Event "*** Titled Tuesday Blitz"]
[Site "Chess.com"]
[Date "2020.04.14"]
[Round "7"]
[White "RovenVogel"]
[Black "KarpovVadim"]
[Result "1-0"]
[WhiteElo "2628"]
[BlackElo "2414"]
[TimeControl "180+1"]
[EndTime "11:10:53 PDT"]
[Termination "RovenVogel won by resignation"]

1. d4 Nf6 2. c4 e6 3. Nf3 d5 4. Nc3 Be7 5. Bf4 O-O 6. e3 Nbd7 7. c5 Nh5 8. Bd3 Nxf4 9. exf4 c6 10. Qc2 h6 11.
O-O b6 12. b4 a5 13. a3 Ba6 14. Bxa6 Rxa6 15. b5 cxb5 16. c6 Nf6 17. Nxb5 a4 18. Ne5 Re8 19. Rfc1 Qa8 20. Nc7 Qc8 21. Nxa6 Qxa6 22. c7 Rc8 23. Qc6 Ne8 24. Qd7 Kf8 25. Rab1 Bxa3 26. Rxb6 Qxb6 27. Qxc8 Bxc1 28. Nd7+ 1-0

[Event "*** Titled Tuesday Blitz"]
[Site "Chess.com"]
[Date "2020.04.14"]
[Round "7"]
[White "fugadelafuga"]
[Black "ChessicallyInclined"]
[Result "0-1"]
[WhiteElo "2386"]
[BlackElo "2590"]
[TimeControl "180+1"]
[EndTime "11:11:02 PDT"]
[Termination "ChessicallyInclined won by resignation"]

1. e4 d6 2. d4 Nf6 3. Nc3 g6 4. f4 Bg7 5. Nf3 c5 6. d5 O-O 7. Bd3 e6 8. dxe6 fxe6 9. O-O Nc6 10. Kh1 d5 11. exd5 exd5 12. Bb5 Bg4 13. Bxc6 bxc6 14.
h3 Bf5 15. Ne5 Qd6 16. Be3 d4 17. Bf2 Qe6 18. Na4 Ne4 19. Nd3 Qd5 20. Qf3 c4 21.
g4 Nxf2+ 22. Rxf2 Be4 0-1

[Event "*** Titled Tuesday Blitz"]
[Site "Chess.com"]
[Date "2020.04.14"]
[Round "7"]
[White "csati17"]
[Black "JMatias"]
[Result "1-0"]
[WhiteElo "2537"]
[BlackElo "2364"]
[TimeControl "180+1"]
[EndTime "11:11:04 PDT"]
[Termination "csati17 won by resignation"]

1. c4 d6 2. Nc3 g6 3. g3 Bg7 4.
Bg2 Nf6 5. e4 O-O 6. Nge2 e5 7.
O-O Nc6 8. d3 h6 9. h3 Be6 10.
Nd5 Nd7 11. Be3 Kh7 12. Rb1 a5 13. b3 Nb4 14. a3 Na6 15. b4 c6 16. Ndc3 axb4 17.
axb4 Nc7 18. f4 f5 19. exf5 gxf5 20. b5 Nb8 21. bxc6 bxc6 22. c5 d5 23. fxe5 Bxe5 24.
d4 Bg7 25. Bf4 Ra3 26. Rb7 Ne8 27. Rxb8 1-0

[Event "*** Titled Tuesday Blitz"]
[Site "Chess.com"]
[Date "2020.04.14"]
[Round "7"]
[White "abhidabhi"]
[Black "BilodeauA"]
[Result "0-1"]
[WhiteElo "2748"]
[BlackElo "2910"]
[TimeControl "180+1"]
[EndTime "11:11:05 PDT"]
[Termination "BilodeauA won by resignation"]

1. e4 e5 2. Nf3 Nc6 3. Bb5 a6 4. Ba4 d6 5. c3 Bd7 6. O-O Nge7 7. d4 Ng6 8. Be3 Be7 9. Nbd2 O-O 10. d5 Nb8 11.
Bxd7 Qxd7 12. c4 f5 13. exf5 Qxf5 14. Qb1 Qf7 15. Ne4 h6 16. Nfd2 Nh4 17. Qd1 Qg6 18. g3 Nd7 19. Rc1 b6 20. Qc2 a5 21. Kh1 Nf5 22. Qa4 Nf6 23. Nxf6+ Bxf6 24. Qd7 Rf7 25. Qc6 Raf8 26. Kg2 Bg5 27. Bf4 Bxf4 0-1

[Event "*** Titled Tuesday Blitz"]
[Site "Chess.com"]
[Date "2020.04.14"]
[Round "7"]
[White "PIwan"]
[Black "jwillz14"]
[Result "1-0"]
[WhiteElo "2559"]
[BlackElo "2388"]
[TimeControl "180+1"]
[EndTime "11:11:07 PDT"]
[Termination "PIwan won by resignation"]

1. c4 c6 2. e4 d5 3. exd5 cxd5 4. cxd5 Nf6 5. Nc3 Nxd5 6. Nf3 Nc6 7. d4 e6 8. Bd3 Be7 9. O-O O-O 10. Re1 Bf6 11. Be4 Nce7 12. Qd3 g6 13. Bh6 Re8 14. Rac1 b6 15.
Bg5 Bxg5 16. Nxg5 Nf5 17. Bxd5 exd5 18. Rxe8+ Qxe8 19. Nxd5 Qd8 20. Ne4 Bb7 21. Ndf6+ Kg7 22. d5 Rc8 23. Rc3 Nd6 24. Rxc8 Bxc8 25. Nxd6 Qxd6 26. Ne8+ 1-0

[Event "*** Titled Tuesday Blitz"]
[Site "Chess.com"]
[Date "2020.04.14"]
[Round "7"]
[White "garfield_pg"]
[Black "MrChessSponge"]
[Result "0-1"]
[WhiteElo "2193"]
[BlackElo "2393"]
[TimeControl "180+1"]
[EndTime "11:11:09 PDT"]
[Termination "MrChessSponge won by resignation"]

1. d4 Nf6 2. Nc3 d5 3. Bf4 Bf5 4. f3 e6 5. g4 Bg6 6. h4 h5 7.
g5 Nfd7 8. e3 a6 9. Nh3 c5 10.
Bd3 Bxd3 11. Qxd3 g6 12. O-O-O Nc6 13. e4 dxe4 14. Nxe4 cxd4 15. Nd6+ Bxd6 16. Bxd6 Nb6 17. Ba3 Nd5 18. Qe4 Rc8 19. Rhe1 Qa5 20. Kb1 Nc3+ 21.
bxc3 Qxa3 22. cxd4 Nb4 0-1

[Event "*** Titled Tuesday Blitz"]
[Site "Chess.com"]
[Date "2020.04.14"]
[Round "7"]
[White "mishanick"]
[Black "AndrewMaco"]
[Result "1-0"]
[WhiteElo "2987"]
[BlackElo "2611"]
[TimeControl "180+1"]
[EndTime "11:11:10 PDT"]
[Termination "mishanick won by resignation"]

1. d4 Nf6 2. c4 e6 3. Nf3 d5 4.
Nc3 Bb4 5. Bg5 dxc4 6. e4 h6 7. Bxf6 Qxf6 8. Bxc4 c5 9. O-O O-O 10. e5 Qd8 11. Ne4 cxd4 12. Nxd4 Qc7 13. Nf6+ Kh8 14.
Qb1 gxf6 15. Qc1 Qxe5 16. Qxh6+ Kg8 17. f4 Qxd4+ 18. Kh1 f5 19. Rf3 Qg7 20. Rg3 Qxg3 21. hxg3 Bc5 22. g4 Bd4 23. gxf5 Bg7 24. Qg5 exf5 25.
Re1 Nc6 26. Re3 1-0